 Dungeon Crawl Stone Soup version 0.30-a0-218-gedb9141078 (webtiles) character file.

Game seed: 13574708237007842061

2 LnG the Caller (level 1, -1/10 HPs)
             Began as a Kobold Summoner on Oct 6, 2022.
             Slain by a quokka (3 damage)
             ... on level 1 of the Dungeon.
             The game lasted 00:00:10 (46 turns).

LnG the Caller (Kobold Summoner)                      Turns: 46, Time: 00:00:11

Health: -1/10      AC:  2    Str:  5    XL:     1   Next: 44%
Magic:  2/3        EV: 15    Int: 16    God:
Gold:   0          SH:  0    Dex: 15    Spells: 3/4 levels left

rFire   . . .      SeeInvis .    (weapon restricted)
rCold   . . .      Faith    .    (no shield)
rNeg    . . .      Spirit   .    a - +0 robe
rPois   .          Reflect  .    (no helmet)
rElec   .          Harm     .    (no cloak)
rCorr   .          Rampage  .    (no gloves)
Will    .....                    (no boots)
Stlth   +++.......               (no amulet)
HPRegen 0.21/turn                (no ring)
MPRegen 0.08/turn                (no ring)

@: no status effects
A: small, no large weapons, nightstalker 3
a: no special abilities


You were on level 1 of the Dungeon.
You visited 1 branch of the dungeon, and saw 1 of its levels.

Inventory:

Armour
 a - a +0 robe (worn)
Potions
 b - a potion of magic


   Skills:
 + Level 2.4 Dodging
 + Level 2.7 Stealth
 + Level 2.2 Spellcasting
 + Level 4.1 Summonings


You had 3 spell levels left.
You knew the following spells:

 Your Spells              Type           Power      Damage    Failure   Level
a - Summon Small Mammal   Summ           60%        N/A       3%          1

Your spell library contained the following spells:

 Spells                   Type           Power      Damage    Failure   Level
 Call Imp                 Summ           15%        N/A       5%          2
 Call Canine Familiar     Summ           15%        N/A       11%         3
 Summon Guardian Golem    Hex/Summ       8%         N/A       26%         3
 Summon Lightning Spire   Summ/Air       8%         N/A       65%         4


Dungeon Overview and Level Annotations

Branches:
Dungeon (1/15)

Altars:


Innate Abilities, Weirdness & Mutations

You are small and have problems with some larger weapons.
You are completely attuned to the shadows.


Message History

You kill the giant cockroach!
A rat comes into view.
Your bat hits the quokka. You barely miss the quokka.
The quokka is moderately wounded.
Your bat closely misses the quokka.
The quokka barely misses you.
You miss the quokka.
The quokka is moderately wounded.
Your bat misses the quokka. The quokka misses you. The rat barely misses you.
You barely miss the quokka.
The quokka is moderately wounded.
Your bat barely misses the quokka.
The quokka misses you. The quokka bites you.
The rat bites you but does no damage.
You closely miss the quokka.
The quokka is lightly wounded.
Your bat barely misses the quokka.
The quokka barely misses you. The rat closely misses you.
You barely miss the quokka.
The quokka is lightly wounded.
The quokka barely misses you. The rat bites you.
You barely miss the quokka.
The quokka is lightly wounded.
Your bat hits the quokka. The quokka bites you. The rat misses you.
You hit the quokka but do no damage.
The quokka is moderately wounded.
Your bat barely misses the quokka.
The quokka twitches its whiskers.
The quokka completely misses you. The rat bites you.
You are too injured to fight recklessly!
You are too injured to fight recklessly!
You are too injured to fight recklessly!
You are too injured to fight recklessly!
You are too injured to fight recklessly!
Casting: Summon Small Mammal (safe; 3% risk of failure)
Confirm with . or Enter, or press ? or * to list all spells.
Your bat barely misses the quokka.
The quokka closely misses you. The rat bites you. The quokka bites you.
* * * LOW HITPOINT WARNING * * *
The quokka attacks as you move away! The quokka bites you.
You die...

.## #######
[..###.....##
#..#.......##
#..........#
#..........#
#.....b.@r.#
##....r..r.#
#...######.#
####...# .#
.....⌠.# #
.......#
#####..##
########...+
#.....##..##


You could see a quokka (ally target), a rat (ally target), a friendly quokka
(summoned) and a friendly bat (summoned).

Vanquished Creatures
  A bat (D:1)
  A giant cockroach (D:1)
2 creatures vanquished.

Notes
Turn   | Place    | Note
-------+----------+-------------------------------------------
     0 | D:1      | LnG the Kobold Summoner began the quest for the Orb.
     0 | D:1      | Reached XP level 1. HP: 10/10 MP: 3/3
    46 | D:1      | Slain by a quokka

Illustrated notes

Levels and vault maps discovered:
D:1:      dpeg_arrival_rooms_a, layout_rooms, serial_shops, nicolae_shop_stone,
          feat_on_display

Action                   || total
-------------------------++-------
Melee: Unarmed           ||    20
 Cast: Summon Small Mamm ||     2
 Stab: Sleeping          ||     1
Armor: Robe              ||     6
Dodge: Dodged            ||    23

Table legend: (Time is in decaauts)
 A = Elapsed time spent in this place.
 B = Non-inter-level travel time spent in this place.
 C = Inter-level travel time spent in this place.
 D = Time resting spent in this place.
 E = Time spent auto-exploring this place.
 F = Levels seen in this place.
 G = Mean time per level.
                   A        B        C        D        E       F      G
               +--------+--------+--------+--------+--------+-----+--------+
         Total |     46 |     46 |      0 |      0 |     11 |   1 |   46.0 |
       Dungeon |     46 |     46 |      0 |      0 |     11 |   1 |   46.0 |
               +--------+--------+--------+--------+--------+-----+--------+

Top non-repeatable levels by time:
     D:1: 46 daAuts
